 Dungeon Crawl Stone Soup version 0.28.0 (webtiles) character file.

Game seed: 7974164321070947536

303 crazypyro the Skirmisher (level 6, -1/59 (67) HPs)
             Began as an Ogre Monk on Feb 14, 2022.
             Was the Champion of Ignis.
             Slain by a goblin (5 damage)
             ... led by Robin
             ... on level 4 of the Dungeon.
             The game lasted 00:03:57 (3979 turns).

crazypyro the Skirmisher (Ogre Monk)                Turns: 3979, Time: 00:03:58

HP:   -1/59 (67)    AC:  3    Str: 18    XL:     6   Next: 38%
MP:   6/6           EV: 10    Int: 11    God:    Ignis [******]
Gold: 187           SH:  0    Dex: 11    Spells: 5/5 levels left

rFire   + . .      SeeInvis .   a - +0 mace
rCold   . . .      Faith    .   (no shield)
rNeg    . . .      Spirit   .   b - +0 robe
rPois   .          Reflect  .   (helmet restricted)
rElec   .          Harm     .   (no cloak)
rCorr   .          Rampage  .   (gloves unavailable)
Will    .....                   (boots unavailable)
Stlth   ++........              (no amulet)
HPRegen 0.19/turn               (no ring)
MPRegen 0.10/turn               (no ring)

@: flying, heavily drained
A: large, unfitting armour, tough skin 1
a: Renounce Religion, Fiery Armour, Foxfire Swarm, Rising Flame


You were on level 4 of the Dungeon.
You worshipped Ignis.
Ignis was exalted by your worship.
You visited 1 branch of the dungeon, and saw 4 of its levels.

You collected 187 gold pieces.

Inventory:

Hand Weapons
 a - a +0 mace (weapon)
Armour
 b - a +0 robe (worn)
Wands
 g - a wand of flame (9)
Scrolls
 c - a scroll of fear {unknown}
 d - 3 scrolls of identify {unknown}
 e - 3 scrolls of teleportation {unknown}
 f - 3 scrolls of enchant armour {unknown}
 i - a scroll of enchant weapon {unknown}
 l - 2 scrolls of blinking {unknown}


   Skills:
 + Level 5.8 Fighting
 * Level 4.7 Maces & Flails
 - Level 3.3 Dodging
 - Level 2.2 Stealth


You had 5 spell levels left.
You didn't know any spells.
Your spell library contained the following spells:

 Spells                   Type           Power      Damage    Failure   Level
 Sublimation of Blood     Necr           0%         N/A       47%         2
 Wereblood                Tmut           0%         N/A       47%         2
 Dazzling Flash           Conj/Hex       0%         N/A       71%         3
 Iskenderun's Mystic Bla  Conj/Tloc      0%         2d3       98%         4
 Starburst                Conj/Fire      0%         6d3       100%        6
 Summon Hydra             Summ           0%         N/A       100%        7


Dungeon Overview and Level Annotations

Branches:
Dungeon (4/15)
 Temple: D:4-7

Altars:
Ignis

Annotations:
D:4 Robin


Innate Abilities, Weirdness & Mutations

You are too large for most types of armour.
You have tough skin. (AC +1)


Message History

The goblin hits you with a +0 dagger.
The goblin hits you with a +2 dagger of draining.
You feel drained.
Robin roars a battlecry!
The goblin goes into a battle-frenzy!
The goblin barely misses you.
You closely miss the goblin.
The goblin hits you with a +2 dagger of draining.
* * * LOW HITPOINT WARNING * * *
You feel drained.
* * * LOW HITPOINT WARNING * * *
Robin hits you from afar with a +0 spear.
* * * LOW HITPOINT WARNING * * *
The goblin hits you with a +0 dagger.
* * * LOW HITPOINT WARNING * * *
You closely miss the goblin. The goblin barely misses you.
Robin says, "Feeling lonely?"
Robin throws the goblin at you!
* * * LOW HITPOINT WARNING * * *
The goblin hits you with a +0 dagger.
* * * LOW HITPOINT WARNING * * *
The goblin hits you but does no damage.
It was a potion of attraction.
You feel attractive to monsters. The goblin barely misses you.
Robin hits you from afar with a +0 spear.
* * * LOW HITPOINT WARNING * * *
The goblin closely misses you. The goblin hits you but does no damage.
It was a potion of cancellation.
Your magical effects are unravelling.
You feel magically purged. The goblin completely misses you.
Robin roars a battlecry!
The goblin goes into a battle-frenzy!
The goblin barely misses you. The goblin closely misses you.
You feel less attractive to monsters.
It was a potion of flight.
You feel very buoyant.
You fly up into the air.
The goblin hits you with a +2 dagger of draining.
You die...

#.# #### # #.# #.#
#.# #.# #.# #.#
.######.#### #.# #
#.# ...........#
#.# ##.g####.#
#######>##.####.#
......g..#########
#.##.......
..g.##.#.g.gg))g.#
#.#######.. g.
#.#.#######g# #.#
#.. #.#.#
#@######.# #..
#.#.# #gg.>....#
##.. #.#$#
########## ....
#.#.# .... ....#
...# .## ..## ....


You could see Robin and 3 goblins.

Vanquished Creatures
  A steam dragon (D:4)
  Natasha (thrice) (D:3)
  2 adders
  An ufetubus (D:4)
  A worm (D:3)
  A dart slug (D:1)
  2 orcs
  4 endoplasms
  17 goblins
  3 hobgoblins
  2 kobolds (D:3)
  5 quokkas
  2 ball pythons
  2 bats (D:3)
  3 frilled lizards (D:3)
  21 rats
70 creatures vanquished.

Notes
Turn   | Place    | Note
-------+----------+-------------------------------------------
     0 | D:1      | crazypyro the Ogre Monk began the quest for the Orb.
     0 | D:1      | Reached XP level 1. HP: 24/24 MP: 1/1
   324 | D:1      | Reached XP level 2. HP: 19/32 MP: 2/2
  1209 | D:2      | Found a faded altar of an unknown god.
  1215 | D:2      | Reached XP level 3. HP: 23/40 MP: 3/3
  1247 | D:2      | Prayed at the altar of an unknown god.
  1247 | D:2      | Became a worshipper of Ignis, the Dying Flame
  1247 | D:2      | Reached ****** piety under Ignis
  2631 | D:3      | Reached XP level 4. HP: 46/49 MP: 4/4
  2928 | D:3      | Noticed Natasha
  2934 | D:3      | Killed Natasha
  3161 | D:3      | Noticed Natasha
  3163 | D:3      | Killed Natasha
  3199 | D:3      | Noticed Natasha
  3211 | D:3      | Killed Natasha
  3212 | D:3      | Reached skill level 5 in Fighting
  3212 | D:3      | Reached XP level 5. HP: 17/57 MP: 5/5
  3447 | D:4      | Noticed a steam dragon
  3461 | D:4      | Killed a steam dragon
  3462 | D:4      | Reached XP level 6. HP: 45/67 MP: 6/6
  3937 | D:4      | Noticed Robin
  3979 | D:4      | Slain by a goblin

Illustrated notes

Levels and vault maps discovered:
D:1:      ncdulo_smallfort, layout_basic, minmay_misc_feat_nine_boxes,
          nrook_mini_vaults, st_stairs_4
D:2:      layout_basic, hellmonk_ecumenical_altar_pennies_from_heaven,
          skrybe_limestone_x
D:3:      layout_loops_corners, chequers_serial_rivers_micro_b, minmay_rat_hole,
          uniq_natasha
D:4:      layout_loops_ring, hangedman_decor_growths, minmay_goblin_outpost,
          uniq_robin

Skill      XL: |  1  2  3  4  5 |
---------------+----------------+-----
Maces & Flails | 3 4 |  4.7
Dodging        | 3 |  3.3
Stealth        | 2 |  2.2
Fighting       | 5 |  5.8

Action                   |  1- 3 |  4- 6 || total
-------------------------+-------+-------++-------
Melee: Mace              |   124 |   127 ||   251
       Punch             |       |     2 ||     2
  Use: Potion            |       |     4 ||     4
 Stab: Sleeping          |     4 |       ||     4
Armor: Robe              |    38 |    30 ||    68
Dodge: Dodged            |    66 |    84 ||   150
